 Dungeon Crawl Stone Soup version 0.27.1-33-g824d729ab1 (webtiles) character file.

Game seed: 4482958860813364251

18202 comborobin the Thaumaturge (level 12, -21/88 HPs)
             Began as a Djinni Brigand on Dec 28, 2021.
             Was a High Priest of Wu Jian.
             Demolished by a freezing wraith (34 damage)
             ... led by a death knight
             ... on level 8 of the Dungeon.
             The game lasted 00:28:44 (10629 turns).

comborobin the Thaumaturge (Djinni Brigand)        Turns: 10629, Time: 00:28:45

Health: -21/88     AC: 12    Str: 10    XL:     12   Next: 92%
Gold:   699        EV: 14    Int: 17    God:    Wu Jian [*****.] SH:  0 Dex: 16

rFire    + + +     SeeInvis .   E - +1 short sword (elec)
rCold    x x .     Faith    .   (no shield)
rNeg     . . .     Spirit   .   H - +3 troll leather armour
rPois    ∞         Reflect  .   (no helmet)
rElec    .         Harm     .   c - +0 cloak
rCorr    .         Rampage  .   (no gloves)
Will     +....                  (boots unavailable)
Stlth    ++........             v - amulet of regeneration
HPRegen  2.24/turn              g - ring of fire
MPRegen  0.00/turn              j - +4 ring of protection

@: flying, slowed, very slow
A: sickness immunity, fire resistance 2, cold vulnerability 1, float, innate
caster, hp casting, extra vitality 1
a: Renounce Religion, Wall Jump, Serpent's Lash, Heavenly Storm


You were on level 8 of the Dungeon.
You worshipped Wu Jian.
Wu Jian was extremely pleased with you.
You visited 1 branch of the dungeon, and saw 13 of its levels.

You collected 737 gold pieces.
You spent 38 gold pieces at shops.

Inventory:

Hand Weapons
 a - a +2 dagger
 y - a +6 vorpal flail
 E - a +1 short sword of electrocution (weapon)
 N - a +0 spectral triple sword
 Y - a +0 scimitar of flaming
Missiles
 d - 21 poisoned darts
 e - 2 curare-tipped darts
Armour
 b - a +0 robe
 c - a +0 cloak (worn)
 r - a +0 cloak
 H - a +3 troll leather armour (worn)
 X - a +0 buckler
Magical Staves
 M - a staff of fire
Jewellery
 f - a +6 ring of strength
 g - a ring of fire (left hand)
 j - a +4 ring of protection (right hand)
 u - a +4 ring of evasion
 v - an amulet of regeneration (around neck)
 w - a ring of protection from fire
 I - a ring of protection from fire
 K - a ring of protection from fire
 O - an amulet of the acrobat
 R - a ring of positive energy
 T - a +4 ring of evasion
 Z - a ring of ice
Wands
 i - a wand of flame (37)
 m - a wand of iceblast (17)
 D - a wand of mindburst (3)
 Q - a wand of acid (4)
 U - a wand of charming (5)
Scrolls
 h - 6 scrolls of teleportation
 n - 3 scrolls of identify
 o - 3 scrolls of amnesia
 p - 3 scrolls of blinking {unknown}
 q - a scroll of enchant weapon {unknown}
 t - a scroll of fog
 G - a scroll of vulnerability {unknown}
 J - a scroll of immolation
 L - a scroll of acquirement {unknown}
 S - a scroll of magic mapping
 V - a scroll of summoning {unknown}
Potions
 k - 5 potions of curing {unknown}
 l - 2 potions of brilliance {unknown}
 s - a potion of berserk rage {unknown}
 x - 2 potions of mutation {unknown}
 z - 2 potions of invisibility {unknown}
 A - 3 potions of degeneration {unknown}
 B - a potion of might {unknown}
 C - 4 potions of heal wounds {unknown}
 F - a potion of magic {unknown}
 P - 2 potions of resistance {unknown}
Miscellaneous
 W - a condenser vane


   Skills:
 * Level 8.8 Fighting
 + Level 7.0 Short Blades
 - Level 1.5 Throwing
 + Level 5.8 Dodging
 - Level 3.2 Stealth
 - Level 11.3 Spellcasting
 - Level 6.3 Evocations


You had 19 spell levels left.
You knew the following spells:

 Your Spells              Type           Power      Damage    Failure   Level
a - Foxfire               Conj/Fire      100%       2x1d9     1%          1
b - Corpse Rot            Necr/Air       N/A        N/A       1%          2
c - Teleport Other        Tloc           48%        N/A       1%          3
d - Sticky Flame          Conj/Fire      64%        2d8       1%          4
e - Olgreb's Toxic Radia  Pois           48%        N/A       1%          4
Your spell library was empty.

Dungeon Overview and Level Annotations

Branches:
Dungeon (13/15)            Temple (0/1) D:7            Lair (0/6) D:10
    Orc (0/2) D:11
 Vaults: D:13-14

Altars:
Ashenzari
Dithmenos
Fedhas
Gozag
Wu Jian
Yredelemnul

Shops:
D:1 *   D:3 *(   D:7 ?

Annotations:
D:5 2 transporters, dnasty's ghost, novice KoCj
D:7 2 runed translucent doors, comborobin's ghost, novice OpDe
D:9 Joseph
D:13 3 runed translucent doors, exclusions: hell hound and 2 more exclusions, Azrael; OceanMan's ghost, journeyman MiFi


Innate Abilities, Weirdness & Mutations

You are immune to sickness and miasma.
You are immune to poison.
Your flesh is very heat resistant. (rF++)
You are vulnerable to cold. (rC-)
You float through the air rather than walking.
You learn spells naturally, not from books.
Your magical power is your life essence.
You have superior vitality. (+4 HP)


Message History

The freezing wraith hits you. The freezing wraith freezes you!!
You feel a terrible chill! The freezing wraith misses you.
You fly upwards.
There is a stone staircase leading down here.
You spin and attack the freezing wraith.
You hit the freezing wraith but do no damage.
Lightning courses through the freezing wraith!
The freezing wraith is moderately damaged.
The freezing wraith hits you. The freezing wraith freezes you!!
You feel a terrible chill!
* * * LOW HITPOINT WARNING * * *
The freezing wraith closely misses you.
Okay, then.
You spin and attack the freezing wraith.
You barely miss the freezing wraith.
The freezing wraith is moderately damaged.
The freezing wraith misses you. The freezing wraith barely misses you.
Okay, then.
Casting: Olgreb's Toxic Radiance (mildly dangerous; 1% risk of failure)
Confirm with . or Enter, or press ? or * to list all spells.
You feel a surge of power!
You conjure some foxfire!
The freezing wraith hits you. The freezing wraith freezes you!!
You feel a terrible chill! The freezing wraith hits you.
The freezing wraith drains your vigour!
You feel yourself slow down.
Unknown command.
Unknown command.
Unknown command.
The foxfire hits the freezing wraith.
The freezing wraith is moderately damaged.
The foxfire hits the freezing wraith but does no damage.
The freezing wraith is moderately damaged.
The freezing wraith hits you! The freezing wraith freezes you!!
You feel a terrible chill!
* * * LOW HITPOINT WARNING * * *
The freezing wraith closely misses you.
As you read the scroll of fog, it crumbles to dust.
The scroll dissolves into smoke.
The freezing wraith hits you.
* * * LOW HITPOINT WARNING * * *
The freezing wraith freezes you!!
You feel a terrible chill!
You die...

...............#.................
.#........######.................
.#........#...##..............)..
.#........'...##............[....
.#........#...#...............###
.#........#...#...............###
.'........#...'...§......<.......
##........#...##§§...............
.....##.......§§@W...............
.....#...#.###.§§§...............
.....#>..#.# #.§§.§##.....#......
.....#...#.# #.....##.....#..^...
...###...#.###.....#.............
.....#...#.........#.............
##...#...####......#.............
.+.......####......#.............
##.................#########.....


You could see a freezing wraith.

Vanquished Creatures
  2 boulder beetles
  3 hydras
  A death knight (D:8)
  3 two-headed ogres
  4 ugly things
  A phantasmal warrior (D:9)
  A manticore (D:13)
  2 unseen horrors
  A gargoyle (D:7)
  A kobold demonologist (D:7)
  An efreet (D:13)
  A komodo dragon (D:10)
  A tengu conjurer (D:13)
  3 trolls
  A slime creature (D:7)
  20 yaks
  2 shadows
  Edmund (D:6)
  An acid dragon (D:12)
  A water moccasin (D:7)
  2 orc warriors
  2 sky beasts
  2 black bears
  A hornet zombie (D:8)
  An ice beast (D:8)
  An ogre (D:5)
  2 phantoms
  2 bullfrogs
  Blork the orc (D:4)
  2 gnoll sergeants
  A water moccasin zombie (D:3)
  2 scorpions
  9 killer bees
  8 wights
  4 howler monkeys
  A jelly (D:6)
  4 centaur zombies
  An orc priest (D:11)
  3 bullfrog skeletons
  2 hounds
  A gnoll shaman (D:10)
  5 iguanas
  2 orc wizards
  A hound skeleton (D:5)
  13 gnolls
  2 adders
  A white imp (D:8)
  2 ufetubi
  2 worms
  A dart slug (D:1)
  27 orcs
  4 ball pythons
  2 endoplasms
  2 giant cockroaches (D:1)
  4 goblins
  6 hobgoblins
  11 jackals
  A quokka (D:3)
  2 bats
  3 frilled lizards (D:1)
  5 kobolds
  2 rats
201 creatures vanquished.

Vanquished Creatures (others)
  246 foxfires
  3 plants (D:10)
  4 toadstools (D:1)
253 creatures vanquished.

Grand Total: 454 creatures vanquished

Notes
Turn   | Place    | Note
-------+----------+-------------------------------------------
     0 | D:1      | comborobin the Djinni Brigand began the quest for the Orb.
     0 | D:1      | Reached XP level 1. HP: 18/18 MP: 0/0
   368 | D:1      | Reached XP level 2. HP: 20/24 MP: 0/0
   463 | D:1      | Found a faded altar of an unknown god.
   545 | D:1      | Became a worshipper of the Wu Jian Council
   545 | D:1      | Reached * piety under Wu Jian
   935 | D:1      | Reached XP level 3. HP: 30/30 MP: 0/0
   935 | D:1      | Learned a level 1 spell: Foxfire
  1398 | D:1      | Found Wazilog's General Store.
  1849 | D:3      | Reached ** piety under Wu Jian
  1957 | D:3      | Found Ehuca's General Store.
  2155 | D:3      | Reached XP level 4. HP: 35/38 MP: 0/0
  2155 | D:3      | Reached XP level 5. HP: 39/42 MP: 0/0
  2155 | D:3      | Learned a level 2 spell: Corpse Rot
  2259 | D:3      | Reached skill level 5 in Fighting
  2646 | D:3      | Found Veqar's Antique Weapon Shop.
  2681 | D:3      | Found a shadowy altar of Dithmenos.
  2935 | D:4      | Noticed a phantom
  3016 | D:4      | Killed a phantom
  3017 | D:4      | Reached skill level 2 in Spellcasting
  3017 | D:4      | Reached XP level 6. HP: 48/49 MP: 0/0
  3070 | D:4      | Noticed Blork the orc
  3084 | D:4      | Killed Blork the orc
  3085 | D:4      | Reached skill level 3 in Spellcasting
  3282 | D:4      | Noticed a sky beast
  3297 | D:4      | Killed a sky beast
  3298 | D:4      | Reached XP level 7. HP: 54/54 MP: 0/0
  3298 | D:4      | Learned a level 3 spell: Teleport Other
  3511 | D:5      | Entered Level 5 of the Dungeon
  3524 | D:5      | Reached skill level 4 in Spellcasting
  3628 | D:5      | Reached skill level 5 in Spellcasting
  3628 | D:5      | Reached XP level 8. HP: 53/59 MP: 0/0
  3773 | D:5      | Noticed a hornet
  3780 | D:5      | Found a transporter.
  3785 | D:5      | Found a transporter.
  3787 | D:5      | Noticed dnasty's ghost (novice KoCj)
  4117 | D:6      | Noticed Edmund
  4125 | D:6      | Killed Edmund
  4432 | D:6      | Reached skill level 6 in Spellcasting
  4462 | D:6      | Found an opulent altar of Gozag.
  4695 | D:7      | Found a broken altar of Ashenzari.
  4743 | D:7      | Found a large runed translucent door.
  4744 | D:7      | Found a large runed translucent door.
  4747 | D:7      | Noticed comborobin's ghost (novice OpDe)
  4976 | D:7      | Found a staircase to the Ecumenical Temple.
  5038 | D:7      | Noticed a gargoyle
  5239 | D:7      | Reached skill level 1 in Evocations
  5342 | D:8      | Noticed a yak
  5347 | D:8      | Noticed a yak
  5348 | D:8      | Noticed a yak
  5348 | D:8      | Noticed a yak
  5356 | D:7      | Killed a yak
  5357 | D:7      | Reached XP level 9. HP: 57/65 MP: 0/0
  5357 | D:7      | Learned a level 4 spell: Sticky Flame
  5402 | D:8      | Reached *** piety under Wu Jian
  5403 | D:8      | Reached skill level 5 in Evocations
  5556 | D:8      | Reached skill level 7 in Spellcasting
  5573 | D:8      | Noticed a two-headed ogre
  5584 | D:8      | Killed a two-headed ogre
  5585 | D:8      | Reached skill level 8 in Spellcasting
  5585 | D:8      | Reached XP level 10. HP: 70/70 MP: 0/0
  6243 | D:7      | Noticed a kobold demonologist
  6244 | D:7      | Killed a gargoyle
  6245 | D:7      | Reached skill level 9 in Spellcasting
  6246 | D:7      | Killed a kobold demonologist
  6314 | D:7      | Killed an unseen horror
  6315 | D:7      | Reached XP level 11. HP: 42/76 MP: 0/0
  6315 | D:7      | Learned a level 4 spell: Olgreb's Toxic Radiance
  6614 | D:7      | Found Buogazif's Magic Scroll Shop.
  6618 | D:7      | Bought a scroll of immolation for 38 gold pieces
  6878 | D:9      | Noticed a death knight
  6878 | D:9      | Noticed a phantasmal warrior
  6934 | D:9      | Noticed Joseph
  6979 | D:10     | Entered Level 10 of the Dungeon
  6996 | D:10     | Reached skill level 10 in Spellcasting
  7098 | D:10     | Found a staircase to the Lair.
  7117 | D:10     | Reached **** piety under Wu Jian
  7308 | D:10     | Found a blossoming altar of Fedhas.
  7323 | D:10     | Found a basalt altar of Yredelemnul.
  7958 | D:11     | Noticed a boulder beetle
  7982 | D:11     | Killed a boulder beetle
  7983 | D:11     | Reached skill level 11 in Spellcasting
  8022 | D:11     | Noticed a five-headed hydra
  8033 | D:11     | Killed a five-headed hydra
  8300 | D:11     | Found a staircase to the Orcish Mines.
  8390 | D:11     | Noticed a two-headed ogre
  8404 | D:11     | Killed a two-headed ogre
  8404 | D:11     | Reached ***** piety under Wu Jian
  8683 | D:12     | Noticed a boulder beetle
  8691 | D:12     | Killed a boulder beetle
  8692 | D:12     | Reached XP level 12. HP: 81/84 MP: 0/0
  8700 | D:12     | Reached skill level 5 in Short Blades
  8700 | D:12     | Noticed a five-headed hydra
  8716 | D:12     | Killed a five-headed hydra
  8745 | D:12     | Noticed a two-headed ogre
  8758 | D:12     | Killed a two-headed ogre
  8862 | D:12     | Noticed an eight-headed hydra
  8869 | D:12     | Killed an eight-headed hydra
  9154 | D:13     | Found a runed translucent gate.
  9154 | D:13     | Found a runed translucent gate.
  9155 | D:13     | Found a runed translucent gate.
  9463 | D:13     | Noticed a tengu warrior
  9515 | D:13     | Reached skill level 5 in Dodging
  9859 | D:13     | Noticed Azrael
 10296 | D:13     | Noticed OceanMan's ghost (journeyman MiFi)
 10558 | D:8      | Killed a death knight
 10629 | D:8      | Demolished by a freezing wraith

Illustrated notes

Levels and vault maps discovered:
D:1:      ldierk_walled_garden_2, layout_basic, serial_shops, shop,
          serial_forest, infiniplex_forest_straight_1,
          infiniplex_forest_straight_2, infiniplex_forest_clump_long,
          infiniplex_forest_end_2, infiniplex_forest_split,
          infiniplex_forest_clump_large, infiniplex_forest_lined_4_way,
          shapermc_ecumenical_altar_pompeii, minivault_27, minmay_pentomino_p4
D:2:      layout_basic
D:3:      layout_basic, general_overflow_altar, serial_shops, shop_fountains,
          shop
D:4:      layout_cave_pools, kennysheep_boxes, uniq_blork_the_orc
D:5:      layout_rooms, gammafunk_ghost_hive
D:6:      layout_basic, nicolae_gozag_seed_capital, uniq_edmund
D:7:      minmay_blocky_corners, layout_basic, nicolae_ashenzari_panopticon,
          minmay_temple_entry_antechambers, serial_shops, kennysheep_mini,
          ebering_ghost_disaster_area, minmay_misc_feat_room
D:8:      layout_basic, minmay_diced_spiral
D:9:      layout_basic, uniq_joseph
D:10:     wander_river, layout_basic, mainiacjoe_overflow_catwalk_spiral,
          david_lair_shrubbed, hangedman_decor_push
D:11:     layout_roguey, hiddenorc1_lemuel
D:12:     layout_basic, minivault_11
D:13:     layout_long_grid, serial_co_window_serial, co_window_corner_a,
          co_window_paths_a, co_window_of_opportunity_a, co_window_corner_a,
          co_window_of_opportunity_a, co_window_unsneaky_path_d,
          co_window_broadway_a, co_window_corner_b, co_window_corner_ca,
          co_window_corner_b, co_window_of_opportunity_b, co_window_broadway_c,
          glass_columns_a, gammafunk_ghost_spectres, uniq_azrael

Skill      XL: |  1  2  3  4  5  6  7  8  9 10 11 12 |
---------------+-------------------------------------+-----
Fighting       | 3 4 5 6 8 |  8.8
Spellcasting   | 2 3 5 6 8 9 11 | 11.3
Short Blades   | 3 4 7 |  7.0
Evocations     | 2 6 |  6.3
Dodging        | 3 5 |  5.8
Throwing       | |  1.5
Stealth        | |  3.2

Action                   |  1- 3 |  4- 6 |  7- 9 | 10-12 || total
-------------------------+-------+-------+-------+-------++-------
Melee: Dagger            |   154 |    79 |    20 |       ||   253
       Short sword       |       |       |    32 |   132 ||   164
       Flail             |       |       |    11 |       ||    11
       Staff             |       |       |       |     8 ||     8
Throw: Dart              |     5 |     7 |       |       ||    12
 Cast: Foxfire           |       |     6 |    92 |    47 ||   145
       Sticky Flame      |       |       |     6 |    38 ||    44
       Olgreb's Toxic Ra |       |       |       |    51 ||    51
Invok: Whirlwind         |    25 |    13 |    17 |    35 ||    90
       Lunge             |     6 |     2 |     2 |    11 ||    21
Evoke: Wand              |     3 |     6 |    13 |    38 ||    60
  Use: Scroll            |       |       |       |    12 ||    12
 Stab: Sleeping          |     7 |       |     1 |       ||     8
       Distracted        |       |     1 |       |       ||     1
       Paralysed         |       |       |       |    16 ||    16
Armor: Robe              |    62 |    22 |    15 |     4 ||   103
       Troll leather arm |       |       |       |    72 ||    72
Dodge: Dodged            |    99 |    36 |    61 |   116 ||   312
